 Dungeon Crawl Stone Soup version 0.25-a0-589-g1e14c549ee (webtiles) character file.

Game seed: 17936197512691666281, levelgen mode: deterministic

4720 n0claF the Fighter (level 10, 0/123 HPs)
             Began as a Demonspawn Fighter on Mar 12, 2020.
             Was a Believer of Qazlal.
             Killed from afar by an efreet (11 damage)
             ... with a bolt of fire
             ... on level 9 of the Dungeon.
             The game lasted 00:26:04 (7101 turns).

n0claF the Fighter (Demonspawn Fighter)             Turns: 7101, Time: 00:26:04

Health: 0/123      AC: 25    Str: 20    XL:     10   Next: 22%
Magic:  3/10       EV:  2    Int: 10    God:    Qazlal [**....]
Gold:   412        SH:  3    Dex: 12    Spells: 9/9 levels left

rFire    . . .     SeeInvis .   C - +3 quarterstaff (chaos)
rCold    + . .     Gourm    .   (shield currently unavailable)
rNeg     + + +     Faith    .   (armour currently unavailable)
rPois    +         Spirit   .   (helmet currently unavailable)
rElec    .         Reflect  .   (cloak currently unavailable)
rCorr    .         Harm     .   (gloves currently unavailable)
MR       .....     NoTele   +   (boots currently unavailable)
Stlth    +.........             l - amulet of regeneration {!d}
HPRegen  0.70/turn              q - ring of protection from cold
MPRegen  0.12/turn              K - +3 ring of evasion

@: tree-form (expiring), marked
A: repulsion field 2, rot immunity
a: Upheaval, Renounce Religion


You were on level 9 of the Dungeon.
You worshipped Qazlal.
Qazlal was pleased with you.
You were not hungry.
You were a tree.
You visited 2 branches of the dungeon, and saw 10 of its levels.

You collected 412 gold pieces.

Inventory:

Hand Weapons
 C - a +3 quarterstaff of chaos (weapon)
   (You took it off Crazy Yiuf on level 5 of the Dungeon)
 H - a +2 antimagic trident
   (You found it on level 7 of the Dungeon)
Missiles
 i - 4 throwing nets (quivered) {!f}
Armour
 a - a +0 pair of gloves (melded)
   (You found it on level 4 of the Dungeon)
 z - a +0 kite shield
 B - a +0 cloak (melded)
   (You took it off Crazy Yiuf on level 5 of the Dungeon)
 E - a +3 ring mail of poison resistance
   (You found it on level 4 of the Dungeon)
 L - +0 pearl dragon scales (melded)
   (You found it on level 8 of the Dungeon)
Jewellery
 j - a +3 amulet of reflection
   (You found it on level 2 of the Dungeon)
 k - a +3 ring of dexterity {unknown}
   (You found it on level 8 of the Dungeon)
 l - an amulet of regeneration (around neck) {!d}
   (You found it on level 1 of the Dungeon)
 q - a ring of protection from cold (left branch)
   (You found it on level 5 of the Dungeon)
 s - an uncursed ring of resist corrosion
   (You found it on level 6 of the Dungeon)
 K - a +3 ring of evasion (right branch)
   (You found it on level 8 of the Dungeon)
 M - an uncursed amulet of the acrobat
   (You found it on level 8 of the Dungeon)
Wands
 c - a wand of disintegration (16) {!d}
   (You found it on level 5 of the Dungeon)
Scrolls
 f - a scroll of amnesia
 g - 4 scrolls of magic mapping
 n - a scroll of enchant armour
 o - 2 scrolls of teleportation {@r4}
 t - 2 scrolls of identify {@r1}
 u - 3 scrolls of fear
 y - 3 scrolls of remove curse {@r2}
Potions
 d - 2 potions of might
 h - a potion of brilliance {unknown}
 m - a potion of mutation {unknown}
 r - 3 potions of curing {@q1}
 w - a potion of invisibility {unknown}
 x - a potion of lignification {unknown}
 A - 2 potions of flight {unknown}
 D - a potion of ambrosia {unknown}
 I - a potion of heal wounds {unknown}
Comestibles
 e - 12 rations {!d}
 v - 2 chunks of flesh


   Skills:
 + Level 8.4 Fighting
   Level 7.0(8.6) Maces & Flails
 - Level 2.3(5.4) Polearms
 * Level 7.8(9.2) Staves
 + Level 5.6 Armour
 - Level 2.6 Shields


You had 9 spell levels left.
You didn't know any spells.
Your spell library contained the following spells:

 Spells                   Type           Power        Failure   Level  Hunger
 Animate Skeleton         Necr           N/A          36%         1    ##.....
 Pain                     Necr           #...         36%         1    ##.....
 Vampiric Draining        Necr           #.........   75%         3    ####...
 Animate Dead             Necr           N/A          98%         4    #####..
 Agony                    Necr           #.......     100%        5    ######.


Dungeon Overview and Level Annotations

Branches:
Dungeon (9/15)             Temple (1/1) D:4             Orc (0/2) D:9
   Lair: D:8-11

Altars:
Ashenzari
Cheibriados
Dithmenos
Gozag
Hepliaklqana
Kikubaaqudgha
Nemelex Xobeh
Okawaru
Qazlal
Ru
Sif Muna
Trog
Vehumet
Wu Jian
Xom
The Shining One

Shops:
D:4 *?   D:7 %

Annotations:
D:9 Grum, Harold


Innate Abilities, Weirdness & Mutations

((You have a pair of small horns on your head.))
You are surrounded by a moderate repulsion field. (EV +3)
((You are mostly covered in sharp spines.))
You are immune to rotting.


Message History

Magma suddenly erupts from the ground!
The blast of magma engulfs the wolf!
Your transformation is almost over.
You block the wolf's attack. The wolf bites you but does no damage.
Aim: a wolf Magma suddenly erupts from the ground!
The blast of magma engulfs the wolf!
The efreet hits you but does no damage. The wolf bites you but does no damage.
Grum shouts, "No!
I'll never do that again!"
You thump the wolf! The wolf bites you but does no damage.
A wight comes into view.
It is wielding a +1 dire flail of freezing.
The efreet hits you but does no damage. The wolf bites you.
* * * LOW HITPOINT WARNING * * *
You closely miss the wolf. The wolf bites you but does no damage.
Cornered, Harold turns to fight!
The efreet gestures at you. The bolt of fire hits you!
* * * LOW HITPOINT WARNING * * *
You hit the wolf.
You feel better. The wolf bites you but does no damage.
Unknown command.
You closely miss the wolf. The wolf bites you but does no damage.
The efreet barely misses you.
A wight comes into view. It is wielding a +0 great sword.
The wolf bites you!
* * * LOW HITPOINT WARNING * * *
Harold gestures at you while chanting. The mark upon you grows brighter.
You closely miss the wolf. The wolf bites you but does no damage.
The efreet hits you but does no damage.
Unknown command.
You hit the wolf.
The wolf is poisoned.
You kill the wolf!
Qazlal accepts your kill.
A wight comes into view. It is wielding a +2 scimitar.
The wolf bites you.
* * * LOW HITPOINT WARNING * * *
The efreet hits you but does no damage.
You miss the wolf. The wolf bites you but does no damage.
A sky beast comes into view.
Unknown command.
You barely miss the wolf. The wolf bites you but does no damage.
A wight comes into view. It is wielding a +0 long sword.
The efreet gestures at you. The bolt of fire hits you!
* * * LOW HITPOINT WARNING * * *
Harold hits you but does no damage.
You miss the wolf. The wolf bites you but does no damage.
The efreet gestures at you. The bolt of fire hits you!
You die...

,,,,........)..@###..,*
,,,,............##...,*
,,,,........%..)#..#***
,,,,......z.......#*
,,,,............###
,,,,........z.Z.☼.#
,,,,....$....a.s#Y#
,*,,........##o##R###
.,,,.......)##hh♣@..#*
.,,,........######...#
.,,,.........*** *####
.,,,(#.####..,,**
.,,,...* #...,,***
.,,,.,,** ###.,,,,***
.,***,,,*****##,,,,,*
.**⌠**,,,,,,,,,,,,,,*
.,*_*,,*,,********,**


You could see Harold, an efreet, a sky beast, 2 wolves, a worker ant, 2 wights
and an orc.

Vanquished Creatures
  Erolcha (D:9)
  A two-headed ogre (D:8)
  Grinder (D:4)
  A wraith (D:8)
  A fire bat (D:4)
  An orc warrior (D:7)
  A necrophage (D:7)
  3 phantoms
  A sky beast (D:8)
  A hornet zombie (D:7)
  A wolf (D:9)
  5 ogres
  2 centaurs
  4 bullfrogs
  A big kobold (D:8)
  Blork the orc (D:6)
  3 scorpions
  A water moccasin skeleton (D:8)
  2 howler monkeys
  2 crimson imps (D:8)
  A quasit (D:8)
  3 hounds
  A jelly (D:9)
  5 orc priests
  3 orc wizards
  Crazy Yiuf (D:5)
  2 iguanas
  5 worker ants
  A hound zombie (D:6)
  A worker ant zombie (D:6)
  3 gnolls (D:3)
  A howler monkey skeleton (D:7)
  13 adders
  A shadow imp (D:6)
  An adder zombie (D:7)
  An adder skeleton (D:5)
  A dart slug (D:1)
  2 leopard geckos
  14 orcs
  5 bats
  2 giant cockroaches
  6 hobgoblins
  10 jackals
  6 quokkas
  4 ball pythons
  9 frilled lizards
  A goblin (D:2)
  16 kobolds
  12 rats
165 creatures vanquished.

Notes
Turn   | Place    | Note
-------+----------+-------------------------------------------
     0 | D:1      | n0claF the Demonspawn Fighter began the quest for the Orb.
     0 | D:1      | Reached XP level 1. HP: 18/18 MP: 1/1
   169 | D:1      | Gained mutation: You have a pair of small horns on your
                  | head. [demonic ancestry]
   169 | D:1      | Reached XP level 2. HP: 22/24 MP: 2/2
   615 | D:2      | Reached skill level 1 in Maces & Flails
   771 | D:2      | Gained mutation: You are immune to rotting. [demonic
                  | ancestry]
   771 | D:2      | Reached XP level 3. HP: 29/29 MP: 3/3
  1238 | D:3      | Found an iron altar of Okawaru.
  1390 | D:3      | Gained mutation: You are partially covered in sharp spines.
                  | [demonic ancestry]
  1390 | D:3      | Reached XP level 4. HP: 37/37 MP: 4/4
  2009 | D:4      | Reached skill level 4 in Fighting
  2087 | D:4      | Noticed a phantom
  2113 | D:4      | Killed a phantom
  2113 | D:4      | Gained mutation: You are surrounded by a mild repulsion
                  | field. (EV +2) [demonic ancestry]
  2113 | D:4      | Reached XP level 5. HP: 34/43 MP: 5/5
  2117 | D:4      | Noticed Edmund
  2187 | D:4      | Found Epror's Assorted Antiques.
  2202 | D:4      | Found a radiant altar of Vehumet.
  2291 | D:4      | Reached XP level 6. HP: 27/49 MP: 6/6
  2451 | D:4      | Found a staircase to the Ecumenical Temple.
  2458 | Temple   | Entered the Ecumenical Temple
  2518 | Temple   | Became a worshipper of Qazlal Stormbringer
  2624 | D:4      | Noticed Grinder
  2638 | D:4      | Paralysed by Grinder for 3 turns
  2666 | D:5      | Entered Level 5 of the Dungeon
  3013 | D:5      | Reached skill level 5 in Fighting
  3198 | D:5      | Found a runed translucent door.
  3199 | D:5      | Noticed Crazy Yiuf
  3208 | D:5      | Killed Crazy Yiuf
  3208 | D:5      | Reached skill level 5 in Maces & Flails
  3340 | D:5      | Reached XP level 7. HP: 52/56 MP: 7/7
  3366 | D:5      | Reached skill level 1 in Staves
  3649 | D:4      | Found Dyurgh's Magic Scroll Emporium.
  3696 | D:4      | Paralysed by Grinder for 5 turns
  3708 | D:4      | Killed Grinder
  4332 | D:4      | Found Dyurgh's Magic Scroll Emporium.
  4350 | D:4      | Found Epror's Assorted Antiques.
  4363 | D:4      | Found a radiant altar of Vehumet.
  4399 | D:4      | Noticed Edmund
  4399 | D:4      | Edmund changed into Edmund the fire bat
  4404 | D:4      | Killed Edmund the fire bat
  4404 | D:4      | Reached XP level 8. HP: 42/64 MP: 8/8
  4629 | D:6      | Reached * piety under Qazlal
  4791 | D:6      | Noticed Blork the orc
  4797 | D:6      | Killed Blork the orc
  4797 | D:6      | Reached skill level 6 in Fighting
  5089 | D:6      | Found a hazy altar of Hepliaklqana.
  5784 | D:7      | Found Xaquka's Food Boutique.
  5995 | D:7      | Gained mutation: You are surrounded by a moderate repulsion
                  | field. (EV +3) [demonic ancestry]
  5995 | D:7      | Reached XP level 9. HP: 71/71 MP: 6/9
  5996 | D:7      | Reached ** piety under Qazlal
  6016 | D:7      | Reached skill level 7 in Fighting
  6019 | D:7      | Reached skill level 5 in Staves
  6090 | D:7      | Found a shadowy altar of Dithmenos.
  6400 | D:8      | Noticed a two-headed ogre
  6406 | D:8      | Killed a two-headed ogre
  6406 | D:8      | Reached skill level 5 in Armour
  6528 | D:8      | Found an opulent altar of Gozag.
  6798 | D:8      | Reached skill level 8 in Fighting
  6878 | D:9      | Found a staircase to the Orcish Mines.
  6884 | D:9      | Noticed Erolcha
  6892 | D:8      | Gained mutation: You are mostly covered in sharp spines.
                  | [demonic ancestry]
  6892 | D:8      | Reached XP level 10. HP: 75/80 MP: 10/10
  6950 | D:9      | Killed Erolcha
  6954 | D:9      | Reached *** piety under Qazlal
  6956 | D:9      | Noticed Harold
  7083 | D:9      | Noticed Grum
  7101 | D:9      | Killed from afar by an efreet

Levels and vault maps discovered:
D:1:      matt_arrival_spirals, layout_rooms
D:2:      layout_loops_ring, first_ration
D:3:      layout_loops_ring, overflow_temple_1_default
D:4:      layout_basic, minmay_temple_entry_nine_rooms, serial_shops, shop,
          nicolae_shop_waterfront, serial_forest,
          infiniplex_forest_clump_curved, infiniplex_forest_clump_small,
          infiniplex_forest_clump_small, infiniplex_forest_lined_room_,
          infiniplex_forest_end_1, infiniplex_forest_lined_room_,
          infiniplex_forest_clump_double, vehumet_altar_wand_db, uniq_edmund,
          uniq_grinder
D:5:      layout_rooms, uniq_crazy_yiuf_cottage
D:6:      layout_basic, kennysheep_little_box, uniq_blork_the_orc
D:7:      layout_basic, nicolae_overflow_hidden_temple, serial_shops,
          shop_fountains, grunt_ministairs_2
D:8:      layout_rooms, lemuel_doored_altar, ebering_dispersal_statue_hall
D:9:      layout_rooms, zin_purify, orc_0_dummy, uniq_grum, uniq_harold,
          uniq_erolcha
Temple:   minmay_crystal_spiral_temple

Skill      XL: |  1  2  3  4  5  6  7  8  9 |
---------------+----------------------------+-----
Polearms       | 2 |  2.3
Maces & Flails | 1 2 3 4 5 6 7 |  7.0
Fighting       | 4 5 6 8 |  8.4
Staves         | 2 4 7 |  7.8
Armour         | 3 5 |  5.6
Shields        | |  2.6

Action                   |  1- 3 |  4- 6 |  7- 9 | 10-12 || total
-------------------------+-------+-------+-------+-------++-------
Melee: Trident           |    48 |       |       |       ||    48
       Whip              |    75 |   122 |       |       ||   197
       Headbutt          |    14 |    25 |    37 |     8 ||    84
       Quarterstaff      |       |     9 |   215 |    33 ||   257
Invok: Upheaval          |       |       |       |     2 ||     2
  Use: Scroll            |       |     1 |     9 |     5 ||    15
 Stab: Petrified         |       |       |     3 |       ||     3
       Confused          |       |       |     1 |       ||     1
       Petrifying        |       |       |     1 |       ||     1
  Eat: Chunk             |     2 |     3 |     7 |     1 ||    13
       Ration            |       |     1 |     1 |       ||     2
Armor: Scale mail        |    52 |    30 |    12 |       ||    94
       Ring mail         |       |       |    49 |       ||    49
       Pearl dragon scal |       |       |     5 |     4 ||     9
       Skin              |       |       |       |    23 ||    23
Dodge: Dodged            |    27 |    31 |   116 |    13 ||   187
Block: Kite shield       |    57 |    44 |       |       ||   101
       Other             |       |       |    22 |     8 ||    30

Table legend:
 A = Non-vault XP
 B = Vault XP
 C = Vault XP percentage of total XP
 D = Non-vault monster count
 E = Vault monster count
 F = Vault count percentage of total count
                 A         B        C        D         E       F
            +---------+---------+-------+---------+---------+-------
      Total |    4804 |    1940 |  28.8 |     156 |       9 |   5.5
            +---------+---------+-------+---------+---------+-------
        D:1 |      21 |       0 |   0.0 |      14 |       0 |   0.0
        D:2 |      36 |       0 |   0.0 |      16 |       0 |   0.0
        D:3 |      86 |       0 |   0.0 |      23 |       0 |   0.0
        D:4 |     334 |     482 |  59.1 |      15 |       3 |  16.7
        D:5 |     474 |      39 |   7.6 |      18 |       1 |   5.3
        D:6 |     833 |      90 |   9.8 |      27 |       1 |   3.6
        D:7 |     803 |     162 |  16.8 |      15 |       2 |  11.8
        D:8 |    2049 |       0 |   0.0 |      25 |       0 |   0.0
        D:9 |     168 |    1167 |  87.4 |       3 |       2 |  40.0
            +---------+---------+-------+---------+---------+-------
